Map: 이터널 엠파이어 - 래더

Players

DPGCure (Cure) - Winner!

  • Race: Terran Terran
  • League: Master
  • Spawn Location: 7:00

Stats

  • Race: Protoss Protoss
  • League: Master
  • Spawn Location: 1:00

Event: War Chest Team League

VOD

Have the link to the VOD?

Description

Time

  • Played on: Aug. 14, 2020, 6:37 a.m.
  • Length: 9:02
Show
View Real Time Build Order
Export as new Build Order

DPGCure Terran - Winner!

Build Orders:  

Get SALT Encoding   

  12  0:00  SCV  
  13  0:12  SCV  
  14  0:17  Supply Depot  
  14  0:24  SCV  
  15  0:38  SCV  
  15  0:40  Barracks  
  15  0:42  Refinery  
  16  0:50  SCV  
  17  1:02  SCV  
  18  1:15  SCV  
  19  1:27  Marine, Orbital Command  
  20  1:48  Command Center  
  21  1:54  SCV  
  21  1:57  Factory  
  21  2:02  Barracks Reactor  
  21  2:06  SCV  
  22  2:10  Supply Depot  
  22  2:17  Refinery  
  22  2:18  SCV  
  23  2:32  SCV  
  24  2:41  Starport  
  24  2:44  SCV  
  24  2:46  Hellion x2  
  29  2:56  SCV  
  30  3:01  Orbital Command  
  30  3:08  Hellion x2  
  30  3:09  SCV  
  30  3:12  Barracks Tech Lab  
  35  3:17  Medivac  
  37  3:22  SCV  
  38  3:27  SCV  
  39  3:35  SCV  
  39  3:37  Supply Depot, Marine x2  
  39  3:39  SCV  
  46  3:41  Cyclone  
  46  3:52  Supply Depot  
  46  3:58  Marine x2, SCV x2  
  48  4:10  SCV x2  
  48  4:13  Siege Tank  
  48  4:16  Marine x2  
  55  4:22  Barracks, Engineering Bay, SCV x2  
  57  4:28  Bunker  
  57  4:34  Barracks  
  57  4:35  SCV x2  
  59  4:38  Marine x2  
  61  4:50  Siege Tank  
  61  4:51  Supply Depot  
  61  4:52  SCV x2  
  66  4:59  Marine x2, Missile Turret  
  68  5:04  SCV x2  
  70  5:09  Barracks Tech Lab  
  70  5:12  Terran Infantry Weapons Level 1  
  70  5:14  Refinery  
  70  5:17  Marine x2  
  70  5:19  Starport Reactor  
  70  5:20  SCV  
  70  5:21  SCV  
  74  5:22  Refinery  
  74  5:24  Supply Depot  
  74  5:31  Stimpack, Marine  
  74  5:32  Barracks Tech Lab  
  74  5:35  Siege Tank  
  78  5:44  Supply Depot  
  78  5:45  Marine x2, SCV x2  
  78  5:47  Supply Depot  
  82  5:51  Marauder  
  82  5:52  Marauder  
  82  5:55  Combat Shield  
  86  5:59  Supply Depot  
  86  6:06  Medivac, Marine x2  
  86  6:08  Medivac  
  86  6:11  Supply Depot  
  92  6:15  Marauder  
  92  6:17  Marauder  
  96  6:23  SCV x2  
  96  6:25  Marine, Siege Tank  
  101  6:27  Marine  
  103  6:38  Marauder  
  103  6:39  Marauder  
  107  6:43  Medivac, Marine  
  107  6:45  Marine  
  107  6:47  Supply Depot x2  
  111  6:48  Medivac  
  113  6:58  Siege Tank  
  116  7:02  Command Center  
  113  7:17  Marauder x2, Marine x2  
  113  7:21  SCV x2  
  117  7:26  Viking x2  
  121  7:38  Siege Tank  
  121  7:43  Marauder x2, Marine x2  
  130  7:52  Barracks  
  130  7:53  Barracks  
  130  8:00  Viking x2  
  134  8:08  Marine x2  
  134  8:09  Marauder x2, Supply Depot, SCV  
  141  8:17  SCV  
  127  8:21  SCV  
  118  8:27  Marine x2  
  118  8:28  Siege Tank  
  118  8:30  Marauder x2, SCV  
  118  8:33  SCV  
  119  8:46  Barracks Reactor, Barracks Tech Lab  
Show
View Real Time Build Order
Export as new Build Order

Stats Protoss 

Build Orders: 1 Gate Expand, Blink Stalkers, Colossus Rush 

Get SALT Encoding   

  12  0:00  Probe  
  13  0:12  Probe  
  14  0:18  Pylon  
  14  0:24  Probe (Chrono Boost)  
  15  0:36  Probe (Chrono Boost)  
  15  0:38  Gateway  
  16  0:45  Probe (Chrono Boost)  
  16  0:48  Assimilator  
  17  0:51  Probe  
  18  1:03  Probe  
  19  1:15  Probe  
  20  1:25  Cybernetics Core  
  20  1:34  Nexus  
  20  1:38  Probe  
  21  1:44  Pylon  
  21  1:51  Assimilator  
  21  1:52  Probe  
  22  2:00  Adept (Chrono Boost)  
  22  2:04  Probe  
  25  2:10  Shield Battery  
  25  2:12  Warp Gate  
  25  2:16  Probe  
  25  2:20  Stalker (Chrono Boost)  
  26  2:28  Probe  
  29  2:37  Twilight Council  
  29  2:43  Probe (Chrono Boost)  
  30  2:47  Probe (Chrono Boost)  
  31  2:56  Probe (Chrono Boost)  
  31  2:57  Probe (Chrono Boost)  
  33  3:00  Robotics Facility  
  33  3:01  Probe (Chrono Boost)  
  33  3:04  Probe  
  35  3:09  Shield Battery  
  35  3:14  Probe  
  35  3:17  Probe  
  37  3:21  Blink  
  37  3:29  Probe x2  
  39  3:37  Gateway  
  39  3:39  Gateway  
  39  3:41  Probe x2  
  41  3:47  Pylon, Observer (Chrono Boost)  
  42  3:53  Probe x2  
  44  3:57  Gateway  
  40  4:04  Stalker  
  40  4:09  Probe x2  
  37  4:21  Probe (Chrono Boost)  
  37  4:22  Probe (Chrono Boost)  
  39  4:26  Robotics Bay  
  40  4:34  Probe x2 (Chrono Boost)  
  40  4:35  Assimilator  
  40  4:38  Stalker  
  43  4:39  Assimilator, Probe x2 (Chrono Boost)  
  45  4:48  Probe x2  
  47  5:00  Pylon, Probe (Chrono Boost)  
  47  5:03  Observer (Chrono Boost)  
  47  5:05  Probe (Chrono Boost)  
  49  5:10  Probe (Chrono Boost)  
  49  5:13  Probe (Chrono Boost)  
  51  5:15  Pylon, Probe (Chrono Boost)  
  51  5:20  Colossus (Chrono Boost)  
  52  5:24  Probe  
  52  5:25  Extended Thermal Lance (Chrono Boost)  
  52  5:26  Probe  
  60  5:36  Nexus  
  60  5:42  Pylon  
  60  5:53  Pylon  
  60  5:57  Probe x2  
  60  5:58  Sentry  
  60  6:01  Colossus (Chrono Boost)  
  60  6:03  Sentry  
  66  6:04  Shield Battery  
  66  6:10  Probe x2  
  74  6:12  Pylon  
  74  6:14  Forge  
  74  6:18  Sentry  
  76  6:21  Observer  
  76  6:22  Probe x2  
  78  6:27  Gateway, Charge  
  78  6:34  Probe x2  
  78  6:36  Protoss Ground Weapons Level 1  
  80  6:40  Colossus (Chrono Boost)  
  86  6:47  Zealot  
  86  6:48  Zealot  
  86  6:53  Zealot  
  92  6:57  Shield Battery  
  92  6:59  Probe x3  
  95  7:07  Pylon  
  95  7:11  Probe x3, Observer  
  98  7:18  Zealot  
  98  7:19  Zealot x2  
  98  7:22  Zealot  
  98  7:31  Colossus (Chrono Boost)  
  98  7:32  Gateway  
  98  7:35  Gateway  
  102  7:40  Pylon  
  102  7:42  Zealot x3  
  102  7:43  Pylon  
  108  7:44  Zealot  
  110  7:54  Pylon  
  110  7:56  Pylon  
  110  7:59  Pylon  
  110  8:01  Pylon  
  109  8:06  Zealot x2  
  109  8:07  Zealot x2  
  81  8:27  Zealot x5  
  81  8:30  Zealot  
  83  8:48  Stalker x5  
  79  8:50  Stalker  
Tags
 
Add a new tag
Caveats
  • Supply blocks, unpowered buildings, or Contaminate may cause inaccurate times.
  • Supply counts are checked every 10 seconds.